 Dungeon Sprint DCSS version 0.31-a0-846-gb3bcc0d938 (webtiles) character file.

Game seed: 4730660963353912936

28238 sircluck the Brawler (level 13, -1/157 HPs)
             Began as a Troll Berserker on Oct 2, 2023.
             Was the Champion of Trog.
             Killed by divine providence
             ... invoked by a white draconian stormcaller
              (11 damage)
             ... in the Dungeon (Sprint VII: "The Pits") on Oct 3, 2023.
             The game lasted 00:11:38 (1941 turns).

sircluck the Brawler (Troll Berserker)              Turns: 1941, Time: 00:11:39

Health: -1/157     AC: 13    Str: 32    XL:     13   Next: 8%
Magic:  12/12      EV: 18    Int:  3    God:    Trog [******]
Gold:   33         SH:  0    Dex: 15    Spells: 12/12 levels left

rFire   . .          .
                       - Unarmed
rCold   . . .        (no shield)
rNeg    . . .        A - +1 steam dragon scales
rPois   .            w - +0 hat
rElec   .            u - +1 cloak
rCorr   .            (gloves unavailable)
SInv    .            (boots unavailable)
Will    .....        (no amulet)
Stlth   +            B - +6 ring of dexterity
HPRegen 1.26/turn    m - +3 ring of protection
MPRegen 0.13/turn

%: no teleportation
@: no status effects
A: large, unfitting armour, claws 3, regeneration 1, shaggy fur 1, tough skin 1
a: Renounce Religion, Berserk, Trog's Hand, Brothers in Arms


You were in the Dungeon.
You worshipped Trog.
Trog was exalted by your worship.
You visited 1 branch You collected 33 gold pieces.

Inventory:

Missiles
 k - 3 large rocks
 x - a curare-tipped dart
 y - 9 stones
Armour
 a - a +0 animal skin
 u - a +1 cloak (worn)
 w - a +0 hat (worn)
 A - +1 steam dragon scales (worn)
Jewellery
 l - a +3 ring of intelligence
 m - a +3 ring of protection (right claw)
 s - a ring of positive energy
 v - a ring of ice
 B - a +6 ring of dexterity (left claw)
Wands
 z - a wand of paralysis (5)
Scrolls
 g - a scroll of blinking
 h - 2 scrolls of vulnerability
 i - a scroll of summoning
 o - 3 scrolls of identify
 p - 3 scrolls of enchant armour
 q - a scroll of fear
 r - 3 scrolls of fog
Potions
 b - 3 potions of invisibility
 c - 16 potions of heal wounds
 d - 3 potions of haste
 e - 4 potions of magic
 f - 3 potions of berserk rage
 j - 7 potions of curing
 n - 3 potions of mutation
 t - a potion of resistance


   Skills:
 + Level 17.5 Fighting
 + Level 17.3 Dodging
 + Level 20.2 Unarmed Combat


You had 12 spell levels left.
You didn't know any spells.
Your spell library was empty.

Dungeon Overview and Level Annotations

Branches:
Dungeon (1/1)

Altars:
Ashenzari
Cheibriados
Dithmenos
Elyvilon
Fedhas
Gozag
Hepliaklqana
Kikubaaqudgha
Makhleb
Nemelex Xobeh
Okawaru
Qazlal
Ru
Sif Muna
Trog
Uskayaw
Vehumet
Wu Jian
Xom
Yredelemnul
Zin
The Shining One
Jiyva
Lugonu


Innate Abilities, Weirdness & Mutations

You are too large for most types of armour.
You have claws for hands.
Your natural rate of healing is unusually fast.
You are covered in fur. (AC +1)
You have tough skin. (AC +1)


Message History

You see here the Catalogue of Distance and the Glacier.
There is an open door, spattered with blood here.
Items here: †††††.
There is a huge open gate to the Main Hall (Safe) here.
There is a huge open gate to the Grid Vault (Hard) here.
You feel yourself speed up.
You recover from your berserk rage.
There is a huge open gate leading to the Armoury (Hard) here.
You open the huge gate.
There is a huge open gate to the Crystal Vault (Extremely Hard) here.
There is a huge open gate to the Crystal Vault (Extremely Hard) here.
There is a huge open gate to the Crystal Vault (Extremely Hard) here.
There is a huge open gate to the Crystal Vault (Extremely Hard) here.
There is a huge open gate leading to the Armoury (Hard) here.
There is a huge open gate to the Main Hall (Safe) here.
There is a huge open gate to the Main Hall (Safe) here.
Things that are here:
a +0 chain mail; a +0 battleaxe You see here a +2 heavy short sword.
Things that are here:
a +0 robe; a +0 dagger You open the huge gate.
A frost giant and a white draconian stormcaller come into view.
The frost giant is wielding a +0 battleaxe of freezing.
Unknown command.
Unknown command.
Your cyclops goes berserk!
The white draconian stormcaller breathes frost at you.
The blast of cold hits you!!
The frost giant gestures at you while chanting.
The bolt of cold hits you!!!
The white draconian stormcaller breathes frost at you.
The blast of cold hits your cyclops!! The blast of cold hits you!!
Your cyclops hits the white draconian stormcaller!!
The frost giant points at you and mumbles some strange words.
The bolt of cold hits you!!!
* * * LOW HITPOINT WARNING * * *
The white draconian stormcaller mumbles some strange prayers to Qazlal against you.
Qazlal smites you!
You die...

..[..........).[.#
+##############..#
#..# #..# #..#
#..# #..# #..#
#.@# #..# #..#
#'C# #'q# C..#
...## ...# ...#


You could see a frost giant, a white draconian stormcaller (catching breath,
ally target) and a friendly cyclops (summoned, berserk).

Vanquished Creatures
  A shadow dragon (D)
  A fire giant (D)
  2 emperor scorpions (D)
  An eidolon (D)
  A mummy priest (D)
  2 hydras (D)
  An anaconda (D)
  A two-headed ogre (D)
  An orc high priest (D)
  2 swamp dragons (D)
  2 wizards (D)
  A cyclops (D)
  A black mamba (D)
  A gargoyle (D)
  2 cane toads (D)
  A rime drake (D)
  2 komodo dragons (D)
  An efreet (D)
  An ice devil (D)
  2 kobold demonologists (D)
  A troll (D)
  2 polar bears (D)
  A guardian mummy (D)
  A merfolk (D)
  A wraith (D)
  2 wyverns (D)
  A neqoxec (D)
  4 redbacks (D)
  2 water moccasins (D)
  2 orc warriors (D)
  An ice beast (D)
  A wolf (D)
  A centaur (D)
  A kobold brigand (D)
  2 scorpions (D)
  An earth elemental (D)
  An iguana (D)
  An orc wizard (D)
  A mummy (D)
  An adder (D)
  4 river rats (D)
  A gnoll (D)
  An adder zombie (D)
  A worm (D)
  6 orcs (D)
  A bat skeleton (D)
  2 endoplasms (D)
  A giant cockroach (D)
  2 goblins (D)
  A hobgoblin (D)
  5 kobolds (D)
  2 quokkas (D)
  A ball python zombie (D)
83 creatures vanquished.

Vanquished Creatures (collateral kills)
  A deep elf master archer (D)
  Gastronok (D)
  A vampire knight (D)
  A dire elephant (D)
  A death knight (D)
  A merfolk avatar (D)
  2 boulder beetles (D)
  An alligator (D)
  A vampire mage (D)
  A sea snake (D)
  A flayed ghost (D)
  A bog body (D)
  2 wizards (D)
  A wolf spider (D)
  A cane toad (D)
  An ice devil (D)
  A freezing wraith (D)
  2 guardian mummies (D)
  A wind drake (D)
  A tarantella (D)
  A snapping turtle (D)
  A spriggan (D)
  A ynoxinul (D)
  A wraith (D)
  An orc warrior (D)
  A swamp drake (D)
  A necrophage (D)
  An iron imp (D)
  A hell rat (D)
  2 orcs (D)
34 creatures vanquished.

Grand Total: 117 creatures vanquished

Notes
Turn   | Place    | Note
-------+----------+-------------------------------------------
     0 | D        | sircluck the Troll Berserker began the quest for the Orb.
     0 | D        | Reached XP level 1. HP: 22/22 MP: 0/0
    32 | D        | Reached XP level 2. HP: 17/31 MP: 1/1
    53 | D        | Noticed a cane toad
    53 | D        | Noticed a polar bear
    69 | D        | Killed a cane toad
    70 | D        | Reached skill level 7 in Unarmed Combat
    70 | D        | Reached XP level 3. HP: 9/45 MP: 2/2
    70 | D        | Reached XP level 4. HP: 11/53 MP: 3/3
    70 | D        | Reached XP level 5. HP: 13/61 MP: 4/4
    70 | D        | Reached XP level 6. HP: 14/68 MP: 5/5
    72 | D        | Killed a polar bear
    72 | D        | Reached ** piety under Trog
    73 | D        | Reached skill level 9 in Unarmed Combat
    73 | D        | HP: 4/108 [poisoned by a cane toad]
    74 | D        | HP: 1/72 [poisoned by a cane toad]
   180 | D        | Found a bloodstained altar of Trog.
   180 | D        | Found a shimmering blue altar of Sif Muna.
   180 | D        | Found a viscous altar of Jiyva.
   180 | D        | Found a hazy altar of Hepliaklqana.
   180 | D        | Found an opulent altar of Gozag.
   181 | D        | Found a glowing golden altar of the Shining One.
   181 | D        | Found a glowing silver altar of Zin.
   181 | D        | Found a basalt altar of Yredelemnul.
   181 | D        | Found a shimmering altar of Xom.
   181 | D        | Found an ornate altar of the Wu Jian Council.
   181 | D        | Found a sacrificial altar of Ru.
   181 | D        | Found a stormy altar of Qazlal.
   181 | D        | Found an iron altar of Okawaru.
   181 | D        | Found a sparkling altar of Nemelex Xobeh.
   181 | D        | Found a burning altar of Makhleb.
   181 | D        | Found a blossoming altar of Fedhas.
   181 | D        | Found a white marble altar of Elyvilon.
   181 | D        | Found a shadowy altar of Dithmenos.
   181 | D        | Found a snail-covered altar of Cheibriados.
   185 | D        | Found a corrupted altar of Lugonu.
   185 | D        | Found a radiant altar of Vehumet.
   186 | D        | Found a broken altar of Ashenzari.
   186 | D        | Found an ancient bone altar of Kikubaaqudgha.
   186 | D        | Found a hide-covered altar of Uskayaw.
   232 | D        | Reached XP level 7. HP: 69/79 MP: 6/6
   248 | D        | Reached *** piety under Trog
   259 | D        | Reached **** piety under Trog
   323 | D        | Reached skill level 10 in Unarmed Combat
   340 | D        | Reached ***** piety under Trog
   354 | D        | Noticed a cyclops
   357 | D        | Killed a cyclops
   358 | D        | Reached XP level 8. HP: 92/92 MP: 7/7
   365 | D        | Received a gift from Trog
   379 | D        | Noticed a merfolk
   386 | D        | Reached skill level 11 in Unarmed Combat
   390 | D        | Killed a merfolk
   392 | D        | Received a gift from Trog
   393 | D        | Reached skill level 10 in Fighting
   480 | D        | Noticed an efreet
   480 | D        | Noticed a guardian mummy
   480 | D        | Noticed a boulder beetle
   480 | D        | Noticed a rime drake
   492 | D        | Killed a boulder beetle
   493 | D        | Reached skill level 10 in Dodging
   493 | D        | Reached skill level 12 in Unarmed Combat
   493 | D        | Reached XP level 9. HP: 102/102 MP: 8/8
   493 | D        | Killed a guardian mummy
   499 | D        | Killed an efreet
   500 | D        | Reached skill level 13 in Unarmed Combat
   503 | D        | Killed a rime drake
   630 | D        | Noticed a black mamba
   637 | D        | Noticed a swamp dragon
   643 | D        | Killed a black mamba
   649 | D        | Killed a swamp dragon
   650 | D        | Reached XP level 10. HP: 24/115 MP: 9/9
   654 | D        | Received a gift from Trog
   655 | D        | Reached skill level 14 in Unarmed Combat
   755 | D        | Noticed a death knight
   763 | D        | Killed a death knight
   774 | D        | Noticed a wizard
   776 | D        | Noticed a cane toad
   781 | D        | Killed a cane toad
   790 | D        | Killed a wizard
   801 | D        | Reached skill level 15 in Unarmed Combat
   803 | D        | Received a gift from Trog
   838 | D        | Identified the +3 glaive of Mig Pilo {heavy, rF+} (Trog
                  | gifted it to you in the Dungeon)
   838 | D        | Received a gift from Trog
   856 | D        | Noticed a swamp dragon
   856 | D        | Noticed a four-headed hydra
   861 | D        | Killed a six-headed hydra
   869 | D        | Killed a swamp dragon
   870 | D        | Reached XP level 11. HP: 55/127 MP: 10/10
  1001 | D        | Noticed Gastronok
  1003 | D        | Noticed an emperor scorpion
  1009 | D        | Noticed a bog body
  1011 | D        | Killed Gastronok
  1011 | D        | Killed a bog body
  1011 | D        | Reached ****** piety under Trog
  1012 | D        | Reached skill level 16 in Unarmed Combat
  1013 | D        | Identified the +8 lajatang of the Assorted Eyes {flame,
                  | Str+3} (Trog gifted it to you in the Dungeon)
  1013 | D        | Received a gift from Trog
  1018 | D        | Killed an emperor scorpion
  1019 | D        | Noticed a five-headed hydra
  1032 | D        | Killed a seven-headed hydra
  1035 | D        | Received a gift from Trog
  1297 | D        | Noticed an orc high priest
  1309 | D        | Killed an orc high priest
  1310 | D        | Reached skill level 17 in Unarmed Combat
  1426 | D        | Noticed a two-headed ogre
  1436 | D        | Killed a two-headed ogre
  1436 | D        | Received a gift from Trog
  1437 | D        | Reached skill level 15 in Fighting
  1466 | D        | Noticed a vampire knight
  1471 | D        | Killed a vampire knight
  1472 | D        | Reached skill level 15 in Dodging
  1487 | D        | Noticed a wizard
  1487 | D        | Noticed an alligator
  1490 | D        | Killed a wizard
  1493 | D        | Killed an alligator
  1493 | D        | Received a gift from Trog
  1494 | D        | Reached XP level 12. HP: 122/143 MP: 11/11
  1498 | D        | Reached skill level 18 in Unarmed Combat
  1571 | D        | Upgraded the game from 0.31-a0-845-g9abc20d24f to
                  | 0.31-a0-846-gb3bcc0d938
  1678 | D        | Noticed a fire giant
  1678 | D        | Noticed an anaconda
  1678 | D        | Noticed a deep elf master archer
  1679 | D        | Noticed an emperor scorpion
  1681 | D        | Killed an anaconda
  1686 | D        | Killed a deep elf master archer
  1690 | D        | Killed a fire giant
  1695 | D        | Identified the +5 short sword of Precise Incision {heavy,
                  | rC+} (Trog gifted it to you in the Dungeon)
  1695 | D        | Received a gift from Trog
  1700 | D        | Killed an emperor scorpion
  1768 | D        | Noticed a merfolk avatar
  1768 | D        | Noticed a dire elephant
  1768 | D        | Noticed a shadow dragon
  1769 | D        | Killed a merfolk avatar
  1770 | D        | Reached skill level 19 in Unarmed Combat
  1778 | D        | Killed a dire elephant
  1778 | D        | Noticed a vampire mage
  1779 | D        | Noticed a boulder beetle
  1788 | D        | Killed a boulder beetle
  1792 | D        | Killed a shadow dragon
  1794 | D        | Killed a vampire mage
  1801 | D        | Received a gift from Trog
  1801 | D        | Noticed a mummy priest
  1803 | D        | Noticed an eidolon
  1810 | D        | Killed an eidolon
  1811 | D        | Reached skill level 20 in Unarmed Combat
  1811 | D        | Reached XP level 13. HP: 114/156 MP: 12/12
  1824 | D        | Killed a mummy priest
  1937 | D        | Noticed a frost giant
  1937 | D        | Noticed a white draconian stormcaller
  1941 | D        | Killed from afar by a white draconian stormcaller

Illustrated notes

Levels and vault maps discovered:
D:        pitsprint [storerooms_1, entrance_room_1, metal_vault_3, armoury_2,
          mini_pit_1, grid_room_1, main_hall_1, silver_pit, the_coven_1,
          the_vestibule_1, steel_vault_5, golden_pit, hallway_of_sentries,
          crystal_vault_1, iron_vault_5, final_vault]

Skill      XL: |  1  2  3  4  5  6  7  8  9 10 11 12 |
---------------+-------------------------------------+-----
Fighting       | 3 6 7 9 10 11 13 15 17 | 17.5
Dodging        | 3 6 7 9 10 11 13 15 17 | 17.3
Unarmed Combat | 7 9 10 12 13 15 17 20 | 20.2

Action                     |  1- 3 |  4- 6 |  7- 9 | 10-12 | 13-15 || total
---------------------------+-------+-------+-------+-------+-------++-------
  Melee: Unarmed           |    10 |    15 |    65 |   148 |    13 ||   251
         Punch             |       |       |     4 |    18 |     2 ||    24
 Invoke: Berserk           |     1 |       |     3 |     4 |       ||     8
         Brothers in Arms  |       |       |     2 |     7 |     1 ||    10
    Use: Potion            |       |     1 |     1 |     3 |       ||     5
   Stab: Sleeping          |       |       |     1 |       |       ||     1
         Distracted        |       |       |       |     2 |       ||     2
 Armour: Animal skin       |     7 |     7 |    39 |    87 |       ||   140
         Steam dragon scal |       |       |       |     4 |     7 ||    11
  Dodge: Dodged            |     2 |     7 |    25 |    86 |     7 ||   127

Table legend: (Time is in decaauts)
 A = Elapsed time spent in this place.
 B = Non-inter-level travel time spent in this place.
 C = Inter-level travel time spent in this place.
 D = Time resting spent in this place.
 E = Time spent auto-exploring this place.
 F = Levels seen in this place.
 G = Mean time per level.
                   A        B        C        D        E       F      G
               +--------+--------+--------+--------+--------+-----+--------+
         Total |   1956 |   1856 |    100 |    529 |    210 |   1 | 1956.0 |
       Dungeon |   1956 |   1856 |    100 |    529 |    210 |   1 | 1956.0 |
               +--------+--------+--------+--------+--------+-----+--------+

Top non-repeatable levels by time:
       D: 1956 daAuts
